WCHLSIM.com - West Coast Hockey League
html PUBLIC "-//W3C//DTD XHTML 1.0 Transitional//EN" "http://www.w3.org/TR/xhtml1/DTD/xhtml1-transitional.dtd"> WCHL - Game 601 - SPOKANE KNIGHTS vs KANSAS CITY KILLERBEES

SPOKANE KNIGHTS vs KANSAS CITY KILLERBEES

Created - 6 janvier 2024 at 00:01

Goals
1 2 3 OT1 SO T
SPOKANE KNIGHTS 0 0 0 0 0 0
KANSAS CITY KILLERBEES 0 0 0 0 1 1
Shots
1 2 3 OT1 SO T
SPOKANE KNIGHTS 9 16 11 1 4 37
KANSAS CITY KILLERBEES 8 9 3 3 4 23

1st period

No Goal

Penalties :
Zach Aston-Reese (KCK) for Hooking (Minor) at 1:12, Tucker Poolman (SPO) for Hooking (Minor) at 3:48

2nd period

No Goal

Penalties :
Riley Stillman (KCK) for Hooking (Minor) at 3:55, Riley Stillman (KCK) for Slashing (Minor) at 14:49, Brady Tkachuk (SPO) for Hooking (Minor) at 14:49

3rd period

No Goal

Penalties :
Mattias Ekholm (KCK) for Hooking (Minor) at 0:12, K'Andre Miller (KCK) for Hooking (Minor) at 18:26

Overtime #1

No Goal

Penalties :
No Penalty

Shootout

SPOKANE KNIGHTS, Brady Tkachuk - Stopped by Ilya Samsonov
KANSAS CITY KILLERBEES, Jakub Voracek - Stopped by Frederik Andersen
SPOKANE KNIGHTS, Zach Parise - Stopped by Ilya Samsonov
KANSAS CITY KILLERBEES, Alexis Lafreniere - Stopped by Frederik Andersen
SPOKANE KNIGHTS, Nicklas Backstrom - Stopped by Ilya Samsonov
KANSAS CITY KILLERBEES, James van Riemsdyk - Stopped by Frederik Andersen
SPOKANE KNIGHTS, Derek Grant - Stopped by Ilya Samsonov
KANSAS CITY KILLERBEES, Nicholas Paul - Goal!

Penalties :
No Penalty

Goalie Stats

Frederik Andersen (SPO), 23 saves from 23 shots - (1,000), OTL, 12-10-4, 65:00 minutes
Ilya Samsonov (KCK), 37 saves from 37 shots - (1,000), W, 9-14-4, 65:00 minutes

Players Stats for SPOKANE KNIGHTS

Player Name              G  A  P  +/- PIM S  H  SB GA TA FO     MP     PP MP  PK MP  
------------------------------------------------------------------------------------
Brady Tkachuk            0  0  0   0  2   4  1  2  0  0  3/7    28:38   3:33   0:53 
Chad Ruhwedel            0  0  0   0  0   1  2  1  0  0  0/0    21:51   3:47   1:01 
Corey Perry              0  0  0   0  0   6  1  0  0  0  1/1    18:33   3:57   0:00 
Derek Grant              0  0  0   0  0   6  2  1  0  0  18/24  21:48   3:57   0:54 
Derrick Pouliot          0  0  0   0  0   0  1  2  0  0  0/0    15:22   0:59   0:02 
Dominic Toninato         0  0  0   0  0   0  0  0  0  0  0/1     0:33   0:00   0:00 
Dryden Hunt              0  0  0   0  0   0  1  1  0  0  0/1    11:59   0:00   0:00 
Evan Bouchard            0  0  0   0  0   2  3  1  0  0  0/0    26:21   3:43   0:58 
Henri Nikkanen           0  0  0   0  0   0  0  0  0  0  3/3     1:35   0:00   0:00 
Jonathon Merrill         0  0  0   0  0   0  0  0  0  0  0/0    23:27   2:44   0:56 
Lias Andersson           0  0  0   0  0   0  0  0  0  0  0/0    15:28   0:00   0:00 
Nathan Beaulieu          0  0  0   0  0   1  2  0  0  0  0/0    22:54   3:47   1:01 
Nicklas Backstrom        0  0  0   0  0   1  0  0  0  0  13/14  14:55   3:33   0:54 
Quinton Byfield          0  0  0   0  0   1  0  0  0  0  6/12   11:59   0:00   0:00 
Shane Pinto              0  0  0   0  0   3  0  0  0  0  12/19  15:54   0:00   0:12 
Tucker Poolman           0  0  0   0  2   0  0  0  0  0  0/0    14:20   0:00   0:00 
Tyler Motte              0  0  0   0  0   8  1  1  0  0  1/4    18:19   3:57   0:00 
Zach Parise              0  0  0   0  0   4  0  1  0  0  2/3    27:30   3:33   1:05 

Players Stats for KANSAS CITY KILLERBEES

Player Name              G  A  P  +/- PIM S  H  SB GA TA FO     MP     PP MP  PK MP  
------------------------------------------------------------------------------------
Alexis Lafreniere        0  0  0   0  0   2  1  1  0  0  0/8    21:25   1:11   4:31 
Boone Jenner             0  0  0   0  0   0  0  0  0  0  0/1     6:39   0:00   0:00 
Daniel Walcott           0  0  0   0  0   0  5  0  0  0  0/0    22:33   0:48   4:29 
Jacob Muzzin             0  0  0   0  0   1  5  0  0  0  0/0    22:04   1:11   3:40 
Jakub Voracek            0  0  0   0  0   0  0  0  0  0  0/4    14:28   0:48   0:00 
James van Riemsdyk       0  0  0   0  0   5  0  0  0  0  2/4    20:55   1:11   2:59 
Jaret Anderson-Dolan     0  0  0   0  0   0  0  0  0  0  2/8     6:39   0:00   0:00 
K'Andre Miller           0  0  0   0  2   0  1  0  0  0  0/0    18:19   0:00   0:34 
MacKenzie Entwistle      0  0  0   0  0   0  3  0  0  0  10/19  16:34   0:00   0:00 
Mattias Ekholm           0  0  0   0  2   1  2  0  0  0  0/0    26:45   0:48   3:04 
Morgan Barron            0  0  0   0  0   4  1  1  0  0  5/20   13:25   1:11   0:00 
Nicholas Paul            0  0  0   0  0   3  1  0  0  0  2/6    21:18   0:48   3:25 
Nicolas Aube-Kubel       0  0  0   0  0   0  2  0  0  0  0/0     6:39   0:00   0:00 
Philipp Kurashev         0  0  0   0  0   1  0  0  0  0  0/2    22:21   0:48   4:31 
Riley Stillman           0  0  0   0  4   0  2  0  0  0  0/0    13:57   0:00   0:15 
Sean Walker              0  0  0   0  0   0  2  2  0  0  0/0    24:02   1:11   3:50 
Tyler Johnson            0  0  0   0  0   5  1  0  0  0  9/16   15:10   0:00   0:00 
Zach Aston-Reese         0  0  0   0  2   1  1  0  0  0  0/1    12:13   0:00   0:00 

3 Stars

1 - Ilya Samsonov (KCK)
2 - Frederik Andersen (SPO)
3 - Jacob Muzzin (KCK)

Power Play

SPOKANE KNIGHTS - 0 on 4 Attempt(s) - 0,00%
KANSAS CITY KILLERBEES - 0 on 1 Attempt(s) - 0,00%

Penalty Kill

SPOKANE KNIGHTS - 1 on 1 Attempt(s) - 100,00% - Score 0 goal in Penalty Kill
KANSAS CITY KILLERBEES - 4 on 4 Attempt(s) - 100,00% - Score 0 goal in Penalty Kill

Team Stat

SPOKANE KNIGHTS - Hits : 14 - Faceoff Wins : 59 - Blocked Shots : 10 - Penalty Minutes : 4
KANSAS CITY KILLERBEES - Hits : 27 - Faceoff Wins : 30 - Blocked Shots : 4 - Penalty Minutes : 10

Official

Referees : Jim Curtin and Brian Pochmara
Linesman : Ryan Galloway and Stephen Drain

Game Notes

No Game Note

Finance

Level 1 -- Attendance: 6440 (99,08%) -- Ticket Income 966 000 $
Level 2 -- Attendance: 4412 (83,25%) -- Ticket Income 529 440 $
Level 3 -- Attendance: 2391 (95,64%) -- Ticket Income 215 190 $
Level 4 -- Attendance: 4200 (100,00%) -- Ticket Income 210 000 $
Luxury Box -- Attendance: 1020 (100,00%) -- Ticket Income 295 800 $
Game was played at the Missouri Beehive Complex.
Total Attendance: 18463 (94,59%)
Total Ticket Income: 2 216 430 $
Other Expense: 22 164 $
Total Income: 2 194 266 $

SPOKANE KNIGHTS

5 vs 5 Forward 
   Center                   Left Wing                Right Wing               Time % Phy DF OF 
 1 Nicklas Backstrom        Brady Tkachuk            Zach Parise              25     1   2  2  
 2 Derek Grant              Tyler Motte              Corey Perry              25     1   2  2  
 3 Shane Pinto              Lias Andersson           Brady Tkachuk            25     1   2  2  
 4 Quinton Byfield          Dryden Hunt              Zach Parise              25     1   2  2  

5 vs 5 Defense 
   Defense                  Defense                                           Time % Phy DF OF 
 1 Evan Bouchard            Jonathon Merrill                                  35     1   2  2  
 2 Nathan Beaulieu          Chad Ruhwedel                                     30     1   2  2  
 3 Derrick Pouliot          Tucker Poolman                                    25     1   2  2  
 4 Evan Bouchard            Jonathon Merrill                                  10     1   2  2  

PowerPlay Forward 
   Center                   Left Wing                Right Wing               Time % Phy DF OF 
 1 Nicklas Backstrom        Brady Tkachuk            Zach Parise              55     1   2  2  
 2 Derek Grant              Tyler Motte              Corey Perry              45     1   2  2  

PowerPlay Defense
   Defense                  Defense                                           Time % Phy DF OF 
 1 Evan Bouchard            Jonathon Merrill                                  55     1   2  2  
 2 Nathan Beaulieu          Chad Ruhwedel                                     45     1   2  2  

Penalty Kill 4 Players Forward 
   Center                   Wing                     Time % Phy DF OF 
 1 Brady Tkachuk            Zach Parise              55     1   2  2  
 2 Nicklas Backstrom        Derek Grant              45     1   2  2  

Penalty Kill 4 Players Defense
   Defense                  Defense                  Time % Phy DF OF 
 1 Evan Bouchard            Jonathon Merrill         55     1   2  2  
 2 Nathan Beaulieu          Chad Ruhwedel            45     1   2  2  

Penalty Kill - 3 Players Forward 
   Forward                                           Time % Phy DF OF 
 1 Brady Tkachuk                                     55     1   2  2  
 2 Zach Parise                                       45     1   2  2  

Penalty Kill - 3 Players Defense
   Defense                  Defense                  Time % Phy DF OF 
 1 Evan Bouchard            Jonathon Merrill         55     1   2  2  
 2 Nathan Beaulieu          Chad Ruhwedel            45     1   2  2  

4 vs 4 Forward 
   Center                   Wing                     Time % Phy DF OF 
 1 Brady Tkachuk            Zach Parise              55     1   2  2  
 2 Nicklas Backstrom        Derek Grant              45     1   2  2  

4 vs 4 Defense
   Defense                  Defense                  Time % Phy DF OF 
 1 Evan Bouchard            Jonathon Merrill         55     1   2  2  
 2 Nathan Beaulieu          Chad Ruhwedel            45     1   2  2  

Last Minutes Offensive
   Center                   Left Wing                Right Wing               Defense                  Defense                  
   Nicklas Backstrom        Brady Tkachuk            Zach Parise              Evan Bouchard            Jonathon Merrill         

Last Minutes Defensive
   Center                   Left Wing                Right Wing               Defense                  Defense                  
   Nicklas Backstrom        Brady Tkachuk            Zach Parise              Evan Bouchard            Jonathon Merrill         

Goaltenders
Starting : Frederik Andersen        
Backup : Matthew Murray           

Extra Forwards
Normal : Henri Nikkanen, Dominic Toninato, Shane Pinto - PP : Henri Nikkanen, Dominic Toninato - PK : Shane Pinto
Extra Defensemen
Normal : Derrick Pouliot, Tucker Poolman, Nathan Beaulieu - PP : Derrick Pouliot - PK : Tucker Poolman, Nathan Beaulieu
Penalty Shots
Brady Tkachuk, Zach Parise, Nicklas Backstrom, Derek Grant, Shane Pinto
Custom OT Lines Forwards
Brady Tkachuk, Zach Parise, Nicklas Backstrom, Derek Grant, Shane Pinto, Corey Perry, Tyler Motte, Quinton Byfield, Lias Andersson, Henri Nikkanen
Custom OT Lines Defensemen
Evan Bouchard, Jonathon Merrill, Nathan Beaulieu, Chad Ruhwedel, Derrick Pouliot

Scratches
Patrice Bergeron (Healthy), Anthony Cirelli (Upper Body Injury), Rasmus Kupari (Strained Right Elbow Injury)

KANSAS CITY KILLERBEES

5 vs 5 Forward 
   Center                   Left Wing                Right Wing               Time % Phy DF OF 
 1 MacKenzie Entwistle      James van Riemsdyk       Philipp Kurashev         32     1   2  2  
 2 Tyler Johnson            Nicholas Paul            Alexis Lafreniere        31     1   2  2  
 3 Morgan Barron            Zach Aston-Reese         Jakub Voracek            27     1   2  2  
 4 Jaret Anderson-Dolan     Boone Jenner             Nicolas Aube-Kubel       10     1   2  2  

5 vs 5 Defense 
   Defense                  Defense                                           Time % Phy DF OF 
 1 Mattias Ekholm           K'Andre Miller                                    36     1   2  2  
 2 Sean Walker              Jacob Muzzin                                      34     1   2  2  
 3 Riley Stillman           Daniel Walcott                                    22     1   2  2  
 4 Mattias Ekholm           Sean Walker                                       8      1   2  2  

PowerPlay Forward 
   Center                   Left Wing                Right Wing               Time % Phy DF OF 
 1 Morgan Barron            James van Riemsdyk       Alexis Lafreniere        55     1   2  2  
 2 Jakub Voracek            Nicholas Paul            Philipp Kurashev         45     1   2  2  

PowerPlay Defense
   Defense                  Defense                                           Time % Phy DF OF 
 1 Mattias Ekholm           Daniel Walcott                                    55     1   2  2  
 2 Sean Walker              Jacob Muzzin                                      45     1   2  2  

Penalty Kill 4 Players Forward 
   Center                   Wing                     Time % Phy DF OF 
 1 Alexis Lafreniere        Philipp Kurashev         55     1   2  2  
 2 James van Riemsdyk       Nicholas Paul            45     1   2  2  

Penalty Kill 4 Players Defense
   Defense                  Defense                  Time % Phy DF OF 
 1 Mattias Ekholm           Daniel Walcott           55     1   2  2  
 2 Sean Walker              Jacob Muzzin             45     1   2  2  

Penalty Kill - 3 Players Forward 
   Forward                                           Time % Phy DF OF 
 1 Nicholas Paul                                     55     1   2  2  
 2 James van Riemsdyk                                45     1   2  2  

Penalty Kill - 3 Players Defense
   Defense                  Defense                  Time % Phy DF OF 
 1 Mattias Ekholm           Daniel Walcott           55     1   2  2  
 2 Sean Walker              Jacob Muzzin             45     1   2  2  

4 vs 4 Forward 
   Center                   Wing                     Time % Phy DF OF 
 1 Jakub Voracek            Philipp Kurashev         55     1   2  2  
 2 James van Riemsdyk       Nicholas Paul            45     1   2  2  

4 vs 4 Defense
   Defense                  Defense                  Time % Phy DF OF 
 1 Mattias Ekholm           Daniel Walcott           55     1   2  2  
 2 Sean Walker              Jacob Muzzin             45     1   2  2  

Last Minutes Offensive
   Center                   Left Wing                Right Wing               Defense                  Defense                  
   MacKenzie Entwistle      James van Riemsdyk       Nicholas Paul            Alexis Lafreniere        K'Andre Miller           

Last Minutes Defensive
   Center                   Left Wing                Right Wing               Defense                  Defense                  
   MacKenzie Entwistle      James van Riemsdyk       Philipp Kurashev         Mattias Ekholm           K'Andre Miller           

Goaltenders
Starting : Ilya Samsonov            
Backup : Jake Kupsky              

Extra Forwards
Normal : Jakub Voracek, Morgan Barron, Zach Aston-Reese - PP : Jakub Voracek, Morgan Barron - PK : Zach Aston-Reese
Extra Defensemen
Normal : Mattias Ekholm, Daniel Walcott, Sean Walker - PP : Sean Walker - PK : Daniel Walcott, Sean Walker
Penalty Shots
Jakub Voracek, Alexis Lafreniere, James van Riemsdyk, Nicholas Paul, Philipp Kurashev
Custom OT Lines Forwards
MacKenzie Entwistle, Daniel Walcott, James van Riemsdyk, Nicholas Paul, Philipp Kurashev, Alexis Lafreniere, Jakub Voracek, Morgan Barron, Zach Aston-Reese, Jaret Anderson-Dolan
Custom OT Lines Defensemen
Mattias Ekholm, Daniel Walcott, Sean Walker, Jacob Muzzin, K'Andre Miller

Scratches
Anders Bjork (Healthy), Andreas Englund (Healthy), Ty Emberson (Healthy), Will Butcher (Fractured Metatarsal (Left Foot) Injury), Cal Petersen (Left Hand Injury)

% Time on Ice - SPOKANE KNIGHTS

Lines # - Real PCT - Wanted PCT - Time Play
Normal Forward
1 - 14% - 25% - 6:43
2 - 30% - 25% - 14:22
3 - 32% - 25% - 15:28
4 - 25% - 25% - 11:59
Normal Defense
1 - 34% - 35% - 16:16
2 - 34% - 30% - 16:17
3 - 30% - 25% - 14:21
4 - 3% - 10% - 1:38
PP Forward
1 - 47% - 55% - 3:33
2 - 53% - 45% - 3:57
PP Defense
1 - 50% - 55% - 3:43
2 - 50% - 45% - 3:47
PK Forward
1 - 55% - 55% - 1:05
2 - 45% - 45% - 0:54
PK Defense
1 - 49% - 55% - 0:58
2 - 51% - 45% - 1:01
PK3 Forward
1 - 0% - 55%
2 - 0% - 45%
PK3 Defense
1 - 0% - 55%
2 - 0% - 45%
44 Forward
1 - 79% - 55% - 1:55
2 - 21% - 45% - 0:30
44 Defense
1 - 68% - 55% - 1:39
2 - 32% - 45% - 0:46
Last Minute Offensive  - 0:00
Last Minute Defensive  - 0:00
Total
Forward - 60:26
Defense - 60:26

% Time on Ice - KANSAS CITY KILLERBEES

Lines # - Real PCT - Wanted PCT - Time Play
Normal Forward
1 - 30% - 32% - 14:29
2 - 31% - 31% - 15:10
3 - 25% - 27% - 12:14
4 - 14% - 10% - 6:39
Normal Defense
1 - 37% - 36% - 17:46
2 - 32% - 34% - 15:34
3 - 28% - 22% - 13:44
4 - 3% - 8% - 1:28
PP Forward
1 - 60% - 55% - 1:11
2 - 40% - 45% - 0:48
PP Defense
1 - 40% - 55% - 0:48
2 - 60% - 45% - 1:11
PK Forward
1 - 60% - 55% - 4:31
2 - 40% - 45% - 2:59
PK Defense
1 - 65% - 55% - 4:52
2 - 35% - 45% - 2:38
PK3 Forward
1 - 100% - 55% - 0:26
2 - 0% - 45% - 0:00
PK3 Defense
1 - 42% - 55% - 0:11
2 - 58% - 45% - 0:15
44 Forward
1 - 66% - 55% - 1:18
2 - 34% - 45% - 0:41
44 Defense
1 - 62% - 55% - 1:14
2 - 38% - 45% - 0:45
Last Minute Offensive  - 0:00
Last Minute Defensive  - 0:00
Total
Forward - 60:26
Defense - 60:26

Play-by-Play

1st period


0:01 of 1st period - Nicklas Backstrom wins face-off versus MacKenzie Entwistle in neutral zone.
0:01 of 1st period - Nicklas Backstrom is hit by MacKenzie Entwistle.
0:04 of 1st period - Off-side.
0:05 of 1st period - Tyler Motte wins face-off versus Tyler Johnson in neutral zone.
0:18 of 1st period - Shot by Alexis Lafreniere.
0:18 of 1st period - Shot Misses the Net.
0:20 of 1st period - Shot by Nicholas Paul.
0:20 of 1st period - Deflect By Tyler Johnson.
0:20 of 1st period - Stopped by Frederik Andersen without a rebound.
0:21 of 1st period - Shane Pinto wins face-off versus Morgan Barron in SPOKANE KNIGHTS zone.
0:45 of 1st period - Shane Pinto is hit by Daniel Walcott and loses puck.
0:53 of 1st period - Icing by Daniel Walcott.
0:54 of 1st period - Morgan Barron wins face-off versus Quinton Byfield in KANSAS CITY KILLERBEES zone.
1:12 of 1st period - Minor Penalty to Zach Aston-Reese for Hooking.
1:13 of 1st period - Derek Grant wins face-off versus Alexis Lafreniere in KANSAS CITY KILLERBEES zone.
1:16 of 1st period - Shot by Tyler Motte.
1:16 of 1st period - Shot Blocked by Alexis Lafreniere.
1:18 of 1st period - Shot by Tyler Motte.
1:18 of 1st period - Stopped by Ilya Samsonov without a rebound.
1:19 of 1st period - Zach Parise wins face-off versus Alexis Lafreniere in KANSAS CITY KILLERBEES zone.
2:32 of 1st period - Shot by James van Riemsdyk.
2:32 of 1st period - Stopped by Frederik Andersen without a rebound.
2:33 of 1st period - Corey Perry wins face-off versus Alexis Lafreniere in SPOKANE KNIGHTS zone.
2:56 of 1st period - Shot by Tyler Motte.
2:56 of 1st period - Stopped by Ilya Samsonov without a rebound.
2:57 of 1st period - Nicklas Backstrom wins face-off versus James van Riemsdyk in KANSAS CITY KILLERBEES zone.
3:19 of 1st period - Shane Pinto is hit by Mattias Ekholm.
3:48 of 1st period - Minor Penalty to Tucker Poolman for Hooking.
3:49 of 1st period - Morgan Barron wins face-off versus Brady Tkachuk in SPOKANE KNIGHTS zone.
3:52 of 1st period - Shot by James van Riemsdyk.
3:52 of 1st period - Stopped by Frederik Andersen without a rebound.
3:53 of 1st period - Morgan Barron wins face-off versus Brady Tkachuk in SPOKANE KNIGHTS zone.
5:50 of 1st period - Off-side.
5:51 of 1st period - Quinton Byfield wins face-off versus Jaret Anderson-Dolan in neutral zone.
6:02 of 1st period - Shot by Zach Parise.
6:02 of 1st period - Stopped by Ilya Samsonov without a rebound.
6:03 of 1st period - Derek Grant wins face-off versus Jaret Anderson-Dolan in KANSAS CITY KILLERBEES zone.
6:24 of 1st period - Tyler Motte is hit by Nicolas Aube-Kubel.
6:37 of 1st period - Icing by K'Andre Miller.
6:38 of 1st period - Jaret Anderson-Dolan wins face-off versus Brady Tkachuk in KANSAS CITY KILLERBEES zone.
6:55 of 1st period - Icing by Jonathon Merrill.
6:56 of 1st period - MacKenzie Entwistle wins face-off versus Shane Pinto in SPOKANE KNIGHTS zone.
7:58 of 1st period - Nicholas Paul is hit by Chad Ruhwedel and loses puck.
8:05 of 1st period - Shot by Tyler Johnson.
8:05 of 1st period - Stopped by Frederik Andersen without a rebound.
8:06 of 1st period - Derek Grant wins face-off versus Morgan Barron in SPOKANE KNIGHTS zone.
8:17 of 1st period - Shot by Corey Perry.
8:17 of 1st period - Stopped by Ilya Samsonov without a rebound.
8:18 of 1st period - Nicklas Backstrom wins face-off versus Tyler Johnson in KANSAS CITY KILLERBEES zone.
8:19 of 1st period - Shot by Brady Tkachuk.
8:19 of 1st period - Shot Misses the Net.
8:22 of 1st period - Icing by Daniel Walcott.
8:23 of 1st period - Nicklas Backstrom wins face-off versus Tyler Johnson in KANSAS CITY KILLERBEES zone.
8:23 of 1st period - Brady Tkachuk is hit by Daniel Walcott and loses puck.
8:29 of 1st period - Zach Parise is hit by Riley Stillman and loses puck.
8:32 of 1st period - Shot by Brady Tkachuk.
8:32 of 1st period - Stopped by Ilya Samsonov without a rebound.
8:33 of 1st period - Derek Grant wins face-off versus MacKenzie Entwistle in KANSAS CITY KILLERBEES zone.
8:44 of 1st period - Philipp Kurashev is hit by Evan Bouchard and loses puck.
9:03 of 1st period - Shot by James van Riemsdyk.
9:03 of 1st period - Shot Blocked by Evan Bouchard.
9:06 of 1st period - Philipp Kurashev is hit by Evan Bouchard and loses puck.
9:43 of 1st period - Shot by Tyler Johnson.
9:43 of 1st period - Shot Misses the Net.
9:56 of 1st period - Off-side.
9:57 of 1st period - Quinton Byfield wins face-off versus Morgan Barron in neutral zone.
9:57 of 1st period - Quinton Byfield is hit by Morgan Barron.
10:02 of 1st period - Zach Parise is hit by Daniel Walcott and loses puck.
10:06 of 1st period - Zach Parise is hit by Riley Stillman and loses puck.
10:09 of 1st period - Shot by Zach Parise.
10:09 of 1st period - Stopped by Ilya Samsonov without a rebound.
10:10 of 1st period - Shane Pinto wins face-off versus Jaret Anderson-Dolan in KANSAS CITY KILLERBEES zone.
11:26 of 1st period - Shot by Alexis Lafreniere.
11:26 of 1st period - Shot Misses the Net.
11:28 of 1st period - Shot by Nicholas Paul.
11:28 of 1st period - Shot Hit the Post.
12:14 of 1st period - Off-side.
12:15 of 1st period - Derek Grant wins face-off versus Morgan Barron in neutral zone.
12:24 of 1st period - Jonathon Merrill is hit by Zach Aston-Reese and loses puck.
12:37 of 1st period - Shot by Morgan Barron.
12:37 of 1st period - Stopped by Frederik Andersen without a rebound.
12:38 of 1st period - Shane Pinto wins face-off versus Tyler Johnson in SPOKANE KNIGHTS zone.
13:11 of 1st period - Icing by Mattias Ekholm.
13:12 of 1st period - Tyler Johnson wins face-off versus Tyler Motte in KANSAS CITY KILLERBEES zone.
13:14 of 1st period - Icing by Nicholas Paul.
13:15 of 1st period - Tyler Johnson wins face-off versus Derek Grant in KANSAS CITY KILLERBEES zone.
13:20 of 1st period - Shot by Nicholas Paul.
13:20 of 1st period - Shot Misses the Net.
13:22 of 1st period - Shot by Tyler Johnson.
13:22 of 1st period - Shot Misses the Net.
13:24 of 1st period - Shot by Mattias Ekholm.
13:24 of 1st period - Stopped by Frederik Andersen without a rebound.
13:25 of 1st period - Nicklas Backstrom wins face-off versus MacKenzie Entwistle in SPOKANE KNIGHTS zone.
13:52 of 1st period - Brady Tkachuk is hit by Jacob Muzzin and loses puck.
14:33 of 1st period - Shot by Derek Grant.
14:33 of 1st period - Stopped by Ilya Samsonov without a rebound.
14:34 of 1st period - Morgan Barron wins face-off versus Shane Pinto in KANSAS CITY KILLERBEES zone.
14:54 of 1st period - Shot by Shane Pinto.
14:54 of 1st period - Stopped by Ilya Samsonov without a rebound.
14:55 of 1st period - Tyler Johnson wins face-off versus Tyler Motte in KANSAS CITY KILLERBEES zone.
15:04 of 1st period - Jonathon Merrill is hit by Tyler Johnson and loses puck.
15:21 of 1st period - Shot by Tyler Johnson.
15:21 of 1st period - Shot Misses the Net.
15:23 of 1st period - Shot by Tyler Johnson.
15:23 of 1st period - Deflect By Alexis Lafreniere.
15:23 of 1st period - Stopped by Frederik Andersen without a rebound.
15:24 of 1st period - Quinton Byfield wins face-off versus Morgan Barron in SPOKANE KNIGHTS zone.
16:16 of 1st period - Off-side.
16:17 of 1st period - Derek Grant wins face-off versus MacKenzie Entwistle in neutral zone.
16:22 of 1st period - Shot by Derek Grant.
16:22 of 1st period - Stopped by Ilya Samsonov without a rebound.
16:23 of 1st period - MacKenzie Entwistle wins face-off versus Derek Grant in KANSAS CITY KILLERBEES zone.
16:23 of 1st period - MacKenzie Entwistle is hit by Tyler Motte.
16:30 of 1st period - Icing by Jonathon Merrill.
16:31 of 1st period - Derek Grant wins face-off versus Nicholas Paul in SPOKANE KNIGHTS zone.
16:31 of 1st period - Derek Grant is hit by Nicholas Paul.
16:47 of 1st period - Shot by Derek Grant.
16:47 of 1st period - Shot Misses the Net.
16:49 of 1st period - Shot by Tyler Motte.
16:49 of 1st period - Shot Blocked by Sean Walker.
17:39 of 1st period - Icing by Corey Perry.
17:40 of 1st period - Derek Grant wins face-off versus MacKenzie Entwistle in SPOKANE KNIGHTS zone.
18:21 of 1st period - Shot by James van Riemsdyk.
18:21 of 1st period - Stopped by Frederik Andersen with a rebound.
18:53 of 1st period - Shot by Jakub Voracek.
18:53 of 1st period - Shot Blocked by Chad Ruhwedel.
19:08 of 1st period - Zach Aston-Reese is hit by Nathan Beaulieu and loses puck.
19:20 of 1st period - Boone Jenner is hit by Chad Ruhwedel and loses puck.
Goals for this period are 0 for SPOKANE KNIGHTS vs 0 for KANSAS CITY KILLERBEES.
Shots for this period are 9 for SPOKANE KNIGHTS vs 8 for KANSAS CITY KILLERBEES.

2nd period


0:01 of 2nd period - MacKenzie Entwistle wins face-off versus Quinton Byfield in neutral zone.
0:39 of 2nd period - Icing by Evan Bouchard.
0:40 of 2nd period - Quinton Byfield wins face-off versus Morgan Barron in SPOKANE KNIGHTS zone.
1:11 of 2nd period - Shot by Shane Pinto.
1:11 of 2nd period - Stopped by Ilya Samsonov without a rebound.
1:12 of 2nd period - Nicholas Paul wins face-off versus Derek Grant in KANSAS CITY KILLERBEES zone.
1:12 of 2nd period - Nicholas Paul is hit by Derek Grant.
1:17 of 2nd period - Tyler Johnson is hit by Nathan Beaulieu and loses puck.
1:20 of 2nd period - Shot by Nicholas Paul.
1:20 of 2nd period - Stopped by Frederik Andersen without a rebound.
1:21 of 2nd period - Tyler Johnson wins face-off versus Shane Pinto in SPOKANE KNIGHTS zone.
1:21 of 2nd period - Tyler Johnson is hit by Derrick Pouliot.
1:25 of 2nd period - Shot by Tyler Johnson.
1:25 of 2nd period - Stopped by Frederik Andersen with a rebound.
1:33 of 2nd period - Shot by Shane Pinto.
1:33 of 2nd period - Shot Misses the Net.
1:48 of 2nd period - Shot by Shane Pinto.
1:48 of 2nd period - Stopped by Ilya Samsonov without a rebound.
1:49 of 2nd period - Derek Grant wins face-off versus MacKenzie Entwistle in KANSAS CITY KILLERBEES zone.
1:49 of 2nd period - Derek Grant is hit by K'Andre Miller.
1:57 of 2nd period - Shot by Tyler Motte.
1:57 of 2nd period - Stopped by Ilya Samsonov without a rebound.
1:58 of 2nd period - Morgan Barron wins face-off versus Dryden Hunt in KANSAS CITY KILLERBEES zone.
2:22 of 2nd period - Shot by Morgan Barron.
2:22 of 2nd period - Stopped by Frederik Andersen without a rebound.
2:23 of 2nd period - Shane Pinto wins face-off versus MacKenzie Entwistle in SPOKANE KNIGHTS zone.
3:20 of 2nd period - Icing by Mattias Ekholm.
3:21 of 2nd period - Tyler Johnson wins face-off versus Quinton Byfield in KANSAS CITY KILLERBEES zone.
3:36 of 2nd period - Shot by Nicholas Paul.
3:36 of 2nd period - Shot Blocked by Dryden Hunt.
3:38 of 2nd period - Shot by Tyler Johnson.
3:38 of 2nd period - Deflect By Alexis Lafreniere.
3:38 of 2nd period - Shot Misses the Net.
3:40 of 2nd period - Shot by K'Andre Miller.
3:40 of 2nd period - Shot Blocked by Derrick Pouliot.
3:42 of 2nd period - Shot by Tyler Johnson.
3:42 of 2nd period - Stopped by Frederik Andersen without a rebound.
3:43 of 2nd period - Derek Grant wins face-off versus Morgan Barron in SPOKANE KNIGHTS zone.
3:55 of 2nd period - Minor Penalty to Riley Stillman for Hooking.
3:56 of 2nd period - Nicklas Backstrom wins face-off versus Alexis Lafreniere in KANSAS CITY KILLERBEES zone.
3:56 of 2nd period - Nicklas Backstrom is hit by Mattias Ekholm.
4:23 of 2nd period - Icing by Zach Parise.
4:24 of 2nd period - Nicklas Backstrom wins face-off versus Alexis Lafreniere in SPOKANE KNIGHTS zone.
5:12 of 2nd period - Alexis Lafreniere is hit by Corey Perry and loses puck.
5:27 of 2nd period - Shot by Evan Bouchard.
5:27 of 2nd period - Stopped by Ilya Samsonov without a rebound.
5:28 of 2nd period - James van Riemsdyk wins face-off versus Derek Grant in KANSAS CITY KILLERBEES zone.
6:13 of 2nd period - Shot by Morgan Barron.
6:13 of 2nd period - Shot Blocked by Brady Tkachuk.
7:01 of 2nd period - Shot by Boone Jenner.
7:01 of 2nd period - Shot Misses the Net.
7:03 of 2nd period - Shot by Jacob Muzzin.
7:03 of 2nd period - Stopped by Frederik Andersen without a rebound.
7:04 of 2nd period - MacKenzie Entwistle wins face-off versus Derek Grant in SPOKANE KNIGHTS zone.
7:08 of 2nd period - Icing by Jonathon Merrill.
7:09 of 2nd period - Derek Grant wins face-off versus MacKenzie Entwistle in SPOKANE KNIGHTS zone.
7:33 of 2nd period - Shot by Derek Grant.
7:33 of 2nd period - Stopped by Ilya Samsonov with a rebound.
7:35 of 2nd period - Shot by Derek Grant.
7:35 of 2nd period - Stopped by Ilya Samsonov without a rebound.
7:36 of 2nd period - Quinton Byfield wins face-off versus Tyler Johnson in KANSAS CITY KILLERBEES zone.
7:50 of 2nd period - Icing by Sean Walker.
7:51 of 2nd period - Tyler Johnson wins face-off versus Shane Pinto in KANSAS CITY KILLERBEES zone.
8:08 of 2nd period - Shot by Nicholas Paul.
8:08 of 2nd period - Deflect By Tyler Johnson.
8:08 of 2nd period - Shot Misses the Net.
8:10 of 2nd period - Shot by Nicholas Paul.
8:10 of 2nd period - Shot Misses the Net.
8:22 of 2nd period - Shot by Nicholas Paul.
8:22 of 2nd period - Shot Blocked by Brady Tkachuk.
8:24 of 2nd period - Shot by Nicholas Paul.
8:24 of 2nd period - Deflect By Tyler Johnson.
8:24 of 2nd period - Stopped by Frederik Andersen without a rebound.
8:25 of 2nd period - MacKenzie Entwistle wins face-off versus Quinton Byfield in SPOKANE KNIGHTS zone.
8:56 of 2nd period - Shot by James van Riemsdyk.
8:56 of 2nd period - Stopped by Frederik Andersen without a rebound.
8:57 of 2nd period - Derek Grant wins face-off versus Zach Aston-Reese in SPOKANE KNIGHTS zone.
9:23 of 2nd period - Corey Perry is hit by Daniel Walcott and loses puck.
10:01 of 2nd period - Shot by Tyler Johnson.
10:01 of 2nd period - Shot Blocked by Derrick Pouliot.
10:03 of 2nd period - Shot by Nicholas Paul.
10:03 of 2nd period - Shot Misses the Net.
11:26 of 2nd period - Icing by Evan Bouchard.
11:27 of 2nd period - Shane Pinto wins face-off versus Jaret Anderson-Dolan in SPOKANE KNIGHTS zone.
11:46 of 2nd period - Shot by Corey Perry.
11:46 of 2nd period - Stopped by Ilya Samsonov without a rebound.
11:47 of 2nd period - Quinton Byfield wins face-off versus Tyler Johnson in KANSAS CITY KILLERBEES zone.
11:47 of 2nd period - Zach Parise is hit by Sean Walker and loses puck.
11:59 of 2nd period - Zach Parise is hit by Jacob Muzzin and loses puck.
12:12 of 2nd period - Shot by Zach Parise.
12:12 of 2nd period - Shot Blocked by Sean Walker.
12:19 of 2nd period - Zach Parise is hit by Jacob Muzzin and loses puck.
13:05 of 2nd period - Tyler Motte is hit by Jacob Muzzin.
13:35 of 2nd period - Shot by James van Riemsdyk.
13:35 of 2nd period - Stopped by Frederik Andersen without a rebound.
13:36 of 2nd period - Zach Parise wins face-off versus Morgan Barron in SPOKANE KNIGHTS zone.
13:48 of 2nd period - Shot by Zach Parise.
13:48 of 2nd period - Stopped by Ilya Samsonov without a rebound.
13:49 of 2nd period - MacKenzie Entwistle wins face-off versus Quinton Byfield in KANSAS CITY KILLERBEES zone.
13:49 of 2nd period - MacKenzie Entwistle is hit by Dryden Hunt.
14:12 of 2nd period - Icing by Mattias Ekholm.
14:13 of 2nd period - MacKenzie Entwistle wins face-off versus Derek Grant in KANSAS CITY KILLERBEES zone.
14:18 of 2nd period - Tyler Motte is hit by MacKenzie Entwistle and loses puck.
14:37 of 2nd period - Shot by Corey Perry.
14:37 of 2nd period - Shot Misses the Net.
14:39 of 2nd period - Shot by Nathan Beaulieu.
14:39 of 2nd period - Shot Misses the Net.
14:41 of 2nd period - Shot by Chad Ruhwedel.
14:41 of 2nd period - Shot Misses the Net.
14:43 of 2nd period - Shot by Tyler Motte.
14:43 of 2nd period - Stopped by Ilya Samsonov with a rebound.
14:45 of 2nd period - Shot by Corey Perry.
14:45 of 2nd period - Stopped by Ilya Samsonov without a rebound.
14:46 of 2nd period - Nicklas Backstrom wins face-off versus Morgan Barron in KANSAS CITY KILLERBEES zone.
14:46 of 2nd period - Nicklas Backstrom is hit by Daniel Walcott.
14:49 of 2nd period - Minor Penalty to Riley Stillman for Slashing.
14:49 of 2nd period - Minor Penalty to Brady Tkachuk for Hooking.
14:50 of 2nd period - Henri Nikkanen wins face-off versus Jakub Voracek in KANSAS CITY KILLERBEES zone.
15:18 of 2nd period - Shot by Philipp Kurashev.
15:18 of 2nd period - Shot Blocked by Zach Parise.
15:32 of 2nd period - Off-side.
15:33 of 2nd period - James van Riemsdyk wins face-off versus Dominic Toninato in neutral zone.
16:13 of 2nd period - Shot by Nicklas Backstrom.
16:13 of 2nd period - Stopped by Ilya Samsonov without a rebound.
16:14 of 2nd period - Nicklas Backstrom wins face-off versus Jakub Voracek in KANSAS CITY KILLERBEES zone.
16:33 of 2nd period - Shot by Derek Grant.
16:33 of 2nd period - Shot Misses the Net.
16:35 of 2nd period - Shot by Derek Grant.
16:35 of 2nd period - Stopped by Ilya Samsonov without a rebound.
16:36 of 2nd period - Henri Nikkanen wins face-off versus Jakub Voracek in KANSAS CITY KILLERBEES zone.
16:37 of 2nd period - Shot by Zach Parise.
16:37 of 2nd period - Shot Misses the Net.
16:39 of 2nd period - Shot by Nathan Beaulieu.
16:39 of 2nd period - Stopped by Ilya Samsonov without a rebound.
16:40 of 2nd period - Henri Nikkanen wins face-off versus Jakub Voracek in KANSAS CITY KILLERBEES zone.
17:27 of 2nd period - Shot by Nicholas Paul.
17:27 of 2nd period - Shot Blocked by Tyler Motte.
17:29 of 2nd period - Shot by Nicholas Paul.
17:29 of 2nd period - Stopped by Frederik Andersen without a rebound.
17:30 of 2nd period - Shane Pinto wins face-off versus Morgan Barron in SPOKANE KNIGHTS zone.
18:04 of 2nd period - Shot by Chad Ruhwedel.
18:04 of 2nd period - Stopped by Ilya Samsonov without a rebound.
18:05 of 2nd period - MacKenzie Entwistle wins face-off versus Quinton Byfield in KANSAS CITY KILLERBEES zone.
18:24 of 2nd period - Icing by Philipp Kurashev.
18:25 of 2nd period - Derek Grant wins face-off versus James van Riemsdyk in KANSAS CITY KILLERBEES zone.
18:34 of 2nd period - Derek Grant is hit by MacKenzie Entwistle and loses puck.
18:55 of 2nd period - Shot by Tyler Motte.
18:55 of 2nd period - Stopped by Ilya Samsonov without a rebound.
18:56 of 2nd period - Nicklas Backstrom wins face-off versus Morgan Barron in KANSAS CITY KILLERBEES zone.
19:19 of 2nd period - Shot by Zach Parise.
19:19 of 2nd period - Shot Misses the Net.
19:21 of 2nd period - Shot by Jonathon Merrill.
19:21 of 2nd period - Shot Blocked by Morgan Barron.
19:23 of 2nd period - Shot by Brady Tkachuk.
19:23 of 2nd period - Stopped by Ilya Samsonov without a rebound.
19:24 of 2nd period - Tyler Johnson wins face-off versus Tyler Motte in KANSAS CITY KILLERBEES zone.
Goals for this period are 0 for SPOKANE KNIGHTS vs 0 for KANSAS CITY KILLERBEES.
Shots for this period are 16 for SPOKANE KNIGHTS vs 9 for KANSAS CITY KILLERBEES.

3rd period


0:01 of 3rd period - Nicklas Backstrom wins face-off versus Morgan Barron in neutral zone.
0:12 of 3rd period - Minor Penalty to Mattias Ekholm for Hooking.
0:13 of 3rd period - Derek Grant wins face-off versus Alexis Lafreniere in KANSAS CITY KILLERBEES zone.
0:13 of 3rd period - Derek Grant is hit by Sean Walker.
0:15 of 3rd period - Shot by Tyler Motte.
0:15 of 3rd period - Stopped by Ilya Samsonov without a rebound.
0:16 of 3rd period - Nicklas Backstrom wins face-off versus Alexis Lafreniere in KANSAS CITY KILLERBEES zone.
0:45 of 3rd period - Shot by Brady Tkachuk.
0:45 of 3rd period - Shot Misses the Net.
0:51 of 3rd period - Shot by Evan Bouchard.
0:51 of 3rd period - Stopped by Ilya Samsonov with a rebound.
0:53 of 3rd period - Shot by Zach Parise.
0:53 of 3rd period - Shot Misses the Net.
0:55 of 3rd period - Shot by Jonathon Merrill.
0:55 of 3rd period - Shot Misses the Net.
1:09 of 3rd period - Shot by Corey Perry.
1:09 of 3rd period - Stopped by Ilya Samsonov without a rebound.
1:10 of 3rd period - Derek Grant wins face-off versus Nicholas Paul in KANSAS CITY KILLERBEES zone.
2:10 of 3rd period - Nicholas Paul is hit by Derek Grant and loses puck.
2:28 of 3rd period - Icing by Derrick Pouliot.
2:29 of 3rd period - Shane Pinto wins face-off versus Jaret Anderson-Dolan in SPOKANE KNIGHTS zone.
3:50 of 3rd period - Shot by Zach Parise.
3:50 of 3rd period - Shot Misses the Net.
4:05 of 3rd period - Shot by Quinton Byfield.
4:05 of 3rd period - Stopped by Ilya Samsonov with a rebound.
4:39 of 3rd period - Shot by Tyler Motte.
4:39 of 3rd period - Stopped by Ilya Samsonov without a rebound.
4:40 of 3rd period - Nicklas Backstrom wins face-off versus Tyler Johnson in KANSAS CITY KILLERBEES zone.
5:08 of 3rd period - Nicklas Backstrom is hit by Alexis Lafreniere and loses puck.
5:47 of 3rd period - Shot by Morgan Barron.
5:47 of 3rd period - Stopped by Frederik Andersen with a rebound.
5:49 of 3rd period - Shot by Zach Aston-Reese.
5:49 of 3rd period - Stopped by Frederik Andersen without a rebound.
5:50 of 3rd period - Derek Grant wins face-off versus Jaret Anderson-Dolan in SPOKANE KNIGHTS zone.
6:01 of 3rd period - Shot by Tyler Motte.
6:01 of 3rd period - Deflect By Corey Perry.
6:01 of 3rd period - Stopped by Ilya Samsonov with a rebound.
6:34 of 3rd period - Icing by Boone Jenner.
6:35 of 3rd period - Jaret Anderson-Dolan wins face-off versus Shane Pinto in KANSAS CITY KILLERBEES zone.
7:47 of 3rd period - Zach Parise is hit by Jacob Muzzin.
9:11 of 3rd period - Shot by Zach Parise.
9:11 of 3rd period - Stopped by Ilya Samsonov with a rebound.
10:02 of 3rd period - Shot by James van Riemsdyk.
10:02 of 3rd period - Deflect By Philipp Kurashev.
10:02 of 3rd period - Shot Misses the Net.
10:46 of 3rd period - Shot by Zach Aston-Reese.
10:46 of 3rd period - Deflect By Morgan Barron.
10:46 of 3rd period - Stopped by Frederik Andersen without a rebound.
10:47 of 3rd period - Shane Pinto wins face-off versus Boone Jenner in SPOKANE KNIGHTS zone.
10:52 of 3rd period - Shot by Brady Tkachuk.
10:52 of 3rd period - Stopped by Ilya Samsonov with a rebound.
10:57 of 3rd period - Off-side.
10:58 of 3rd period - Shane Pinto wins face-off versus Morgan Barron in neutral zone.
11:21 of 3rd period - Shot by Shane Pinto.
11:21 of 3rd period - Deflect By Brady Tkachuk.
11:21 of 3rd period - Shot Misses the Net.
12:05 of 3rd period - Zach Parise is hit by Nicolas Aube-Kubel and loses puck.
12:42 of 3rd period - Shot by Derek Grant.
12:42 of 3rd period - Stopped by Ilya Samsonov without a rebound.
12:43 of 3rd period - Tyler Johnson wins face-off versus Nicklas Backstrom in KANSAS CITY KILLERBEES zone.
12:43 of 3rd period - Tyler Johnson is hit by Brady Tkachuk.
13:08 of 3rd period - Shot by Nicklas Backstrom.
13:08 of 3rd period - Shot Misses the Net.
13:10 of 3rd period - Shot by Nicklas Backstrom.
13:10 of 3rd period - Shot Misses the Net.
13:12 of 3rd period - Shot by Nicklas Backstrom.
13:12 of 3rd period - Shot Misses the Net.
13:26 of 3rd period - Shot by Corey Perry.
13:26 of 3rd period - Shot Misses the Net.
13:32 of 3rd period - Shot by Tyler Motte.
13:32 of 3rd period - Shot Misses the Net.
13:34 of 3rd period - Shot by Tyler Motte.
13:34 of 3rd period - Stopped by Ilya Samsonov without a rebound.
13:35 of 3rd period - Shane Pinto wins face-off versus MacKenzie Entwistle in KANSAS CITY KILLERBEES zone.
13:48 of 3rd period - Shot by Shane Pinto.
13:48 of 3rd period - Shot Misses the Net.
13:50 of 3rd period - Shot by Shane Pinto.
13:50 of 3rd period - Shot Misses the Net.
14:05 of 3rd period - Icing by Nathan Beaulieu.
14:06 of 3rd period - Shane Pinto wins face-off versus Morgan Barron in SPOKANE KNIGHTS zone.
15:10 of 3rd period - Icing by Evan Bouchard.
15:11 of 3rd period - MacKenzie Entwistle wins face-off versus Zach Parise in SPOKANE KNIGHTS zone.
15:37 of 3rd period - Shot by Philipp Kurashev.
15:37 of 3rd period - Shot Misses the Net.
15:39 of 3rd period - Shot by Sean Walker.
15:39 of 3rd period - Shot Misses the Net.
16:28 of 3rd period - Nicholas Paul is hit by Evan Bouchard and loses puck.
17:05 of 3rd period - Shot by Jakub Voracek.
17:05 of 3rd period - Shot Misses the Net.
17:36 of 3rd period - Icing by Riley Stillman.
17:37 of 3rd period - Shane Pinto wins face-off versus Morgan Barron in KANSAS CITY KILLERBEES zone.
17:44 of 3rd period - Shot by Brady Tkachuk.
17:44 of 3rd period - Stopped by Ilya Samsonov without a rebound.
17:45 of 3rd period - MacKenzie Entwistle wins face-off versus Shane Pinto in KANSAS CITY KILLERBEES zone.
17:52 of 3rd period - Shot by James van Riemsdyk.
17:52 of 3rd period - Shot Misses the Net.
17:59 of 3rd period - Icing by Nathan Beaulieu.
18:00 of 3rd period - Tyler Johnson wins face-off versus Shane Pinto in SPOKANE KNIGHTS zone.
18:03 of 3rd period - Shot by Alexis Lafreniere.
18:03 of 3rd period - Shot Misses the Net.
18:26 of 3rd period - Minor Penalty to K'Andre Miller for Hooking.
18:27 of 3rd period - Derek Grant wins face-off versus Alexis Lafreniere in KANSAS CITY KILLERBEES zone.
19:15 of 3rd period - Shot by Alexis Lafreniere.
19:15 of 3rd period - Shot Blocked by Derek Grant.
Goals for this period are 0 for SPOKANE KNIGHTS vs 0 for KANSAS CITY KILLERBEES.
Shots for this period are 11 for SPOKANE KNIGHTS vs 3 for KANSAS CITY KILLERBEES.

Overtime #1


0:01 of 1st overtime period - Brady Tkachuk wins face-off versus Nicholas Paul in neutral zone.
2:09 of 1st overtime period - Shot by Corey Perry.
2:09 of 1st overtime period - Stopped by Ilya Samsonov without a rebound.
2:10 of 1st overtime period - Derek Grant wins face-off versus Nicholas Paul in KANSAS CITY KILLERBEES zone.
2:29 of 1st overtime period - Shot by Nicholas Paul.
2:29 of 1st overtime period - Stopped by Frederik Andersen without a rebound.
2:30 of 1st overtime period - Nicholas Paul wins face-off versus Brady Tkachuk in SPOKANE KNIGHTS zone.
3:56 of 1st overtime period - Shot by Alexis Lafreniere.
3:56 of 1st overtime period - Stopped by Frederik Andersen without a rebound.
3:57 of 1st overtime period - Brady Tkachuk wins face-off versus Philipp Kurashev in SPOKANE KNIGHTS zone.
4:04 of 1st overtime period - Shot by Philipp Kurashev.
4:04 of 1st overtime period - Stopped by Frederik Andersen without a rebound.
4:05 of 1st overtime period - Brady Tkachuk wins face-off versus Philipp Kurashev in SPOKANE KNIGHTS zone.
Goals for this period are 0 for SPOKANE KNIGHTS vs 0 for KANSAS CITY KILLERBEES.
Shots for this period are 1 for SPOKANE KNIGHTS vs 3 for KANSAS CITY KILLERBEES.

ShootOut


5:00 of 1st overtime period - Round #1.
5:00 of 1st overtime period - SPOKANE KNIGHTS, Brady Tkachuk.
5:00 of 1st overtime period - Stopped by Ilya Samsonov.
5:00 of 1st overtime period - KANSAS CITY KILLERBEES, Jakub Voracek.
5:00 of 1st overtime period - Stopped by Frederik Andersen.
5:00 of 1st overtime period - Round #2.
5:00 of 1st overtime period - SPOKANE KNIGHTS, Zach Parise.
5:00 of 1st overtime period - Stopped by Ilya Samsonov.
5:00 of 1st overtime period - KANSAS CITY KILLERBEES, Alexis Lafreniere.
5:00 of 1st overtime period - Stopped by Frederik Andersen.
5:00 of 1st overtime period - Round #3.
5:00 of 1st overtime period - SPOKANE KNIGHTS, Nicklas Backstrom.
5:00 of 1st overtime period - Stopped by Ilya Samsonov.
5:00 of 1st overtime period - KANSAS CITY KILLERBEES, James van Riemsdyk.
5:00 of 1st overtime period - Stopped by Frederik Andersen.
5:00 of 1st overtime period - Round #4.
5:00 of 1st overtime period - SPOKANE KNIGHTS, Derek Grant.
5:00 of 1st overtime period - Stopped by Ilya Samsonov.
5:00 of 1st overtime period - KANSAS CITY KILLERBEES, Nicholas Paul.
5:00 of 1st overtime period - Goal by Nicholas Paul.


BLAKE
WHEELER
STEVEN
STAMKOS
DREW
DOUGHTY

EAST COAST

HOCKEY LEAGUE

  • 63.RHI2PIT5
  • 64.WOR4ATL3
  • 65.QUECHW
  • 66.CHATRV